 Dungeon Crawl Stone Soup version 0.26.0-10-g1f06aea511 (webtiles) character file.

Game seed: 13553286224897818341

15 mopl the Vexing (level 2, -4/19 HPs)
             Began as a Demonspawn Enchanter on Jan 20, 2021.
             Slain by an orc priest
             ... wielding a +0 flail
              (8 damage)
             ... on level 1 of the Dungeon.
             The game lasted 00:01:50 (1529 turns).

mopl the Vexing (Demonspawn Enchanter)              Turns: 1529, Time: 00:01:50

Health: -4/19      AC:  2    Str:  8    XL:     2   Next: 34%
Magic:  1/5        EV: 12    Int: 16    God:
Gold:   64         SH:  0    Dex: 13    Spells: 2/5 levels left

rFire    + . .     SeeInvis .   a - +1 dagger
rCold    . . .     Faith    .   (no shield)
rNeg     . . .     Spirit   .   b - +0 robe
rPois    .         Reflect  .   (no helmet)
rElec    .         Harm     .   (no cloak)
rCorr    .         Rampage  .   (no gloves)
Will     .....                  (no boots)
Stlth    ++........             (no amulet)
HPRegen  0.06/turn              e - ring of protection from fire
MPRegen  0.09/turn              (no ring)

@: attractive, flying
A: talons 1
a: no special abilities


You were on level 1 of the Dungeon.
You visited 1 branch of the dungeon, and saw 2 of its levels.

You collected 64 gold pieces.

Inventory:

Hand Weapons
 a - a +1 dagger (weapon)
Missiles
 g - 34 stones
 j - 15 sling bullets
Armour
 b - a +0 robe (worn)
Jewellery
 e - a ring of protection from fire (left hand)
Scrolls
 c - a scroll of remove curse {unknown}
 d - a scroll of teleportation {unknown}
 f - a scroll of random uselessness {unknown}
 i - a scroll of magic mapping {unknown}
 l - a scroll of amnesia {unknown}


   Skills:
 + Level 1.2 Short Blades
 - Level 1.7 Dodging
 + Level 2.9 Stealth
 + Level 2.2 Spellcasting
 + Level 3.1 Hexes
 + Level 0.1 Ice Magic


You had 2 spell levels left.
You knew the following spells:

 Your Spells              Type           Power        Failure   Level
a - Corona                Hex            12%          5%          1
b - Ensorcelled Hibernat  Hex/Ice        14%          16%         2

Your spell library contained the following spells:

 Spells                   Type           Power        Failure   Level
 Confusing Touch          Hex            11%          17%         3
 Tukima's Dance           Hex            11%          17%         3
 Dazzling Flash           Conj/Hex       12%          32%         3


Dungeon Overview and Level Annotations

Branches:
Dungeon (2/15)

Altars:
Fedhas


Innate Abilities, Weirdness & Mutations

You have sharp toenails.


Message History

The orc priest is lightly wounded.
The orc priest hits you with a +0 flail!
* * * LOW HITPOINT WARNING * * *
It was a potion of flight.
You feel very buoyant.
You fly up into the air.
The orc priest closely misses you.
It was a potion of attraction.
You feel attractive to monsters.
Your magical contamination has completely faded away.
You hit the orc priest but do no damage.
The orc priest is lightly wounded.
The orc priest closely misses you.
You barely miss the orc priest.
The orc priest is lightly wounded.
The orc priest barely misses you.
You hit the orc priest but do no damage.
Your kick misses the orc priest.
The orc priest is lightly wounded.
The orc priest hits you with a +0 flail!
You die...

.......# ######.# #########
####.##################........
#.....................#.#######
####.......##########.#........
######.#####.#....#.......#######
...........#.#.#......#.#........
..................#.#.#.#........
...........#.#..@.#.#.#.#.#######
.###...#.......o)...#.#.#.#####
.#.....#.###..##..#.#.........#
.#.#.......)..........#.#.###>#
.#.#.#.############...#.#.# #.###
.#.#....................#.# #....
.#.#...##################.#######
.#.#.............................
.#....###################.#######


You could see an orc priest.

Vanquished Creatures
  2 orcs (D:1)
  2 bats (D:1)
  2 hobgoblins (D:1)
  3 kobolds
  A goblin (D:1)
  2 rats
12 creatures vanquished.

Notes
Turn   | Place    | Note
-------+----------+-------------------------------------------
     0 | D:1      | mopl the Demonspawn Enchanter began the quest for the Orb.
     0 | D:1      | Reached XP level 1. HP: 13/13 MP: 3/3
   193 | D:1      | Reached skill level 1 in Short Blades
   991 | D:1      | Gained mutation: You have sharp toenails. [demonic
                  | ancestry]
   991 | D:1      | Reached XP level 2. HP: 18/19 MP: 3/5
   994 | D:1      | Learned a level 2 spell: Ensorcelled Hibernation
  1223 | D:2      | Found a blossoming altar of Fedhas.
  1529 | D:1      | Slain by an orc priest

Illustrated notes

Levels and vault maps discovered:
D:1:      dpeg_arrival_renting, layout_basic
D:2:      layout_basic, fedhas_altar_4, serial_park_tiny_2, corexii_shack,
          uniq_natasha, uniq_jessica, uniq_crazy_yiuf_cottage

Skill      XL: |  1 |
---------------+----+-----
Short Blades   | 1 |  1.2
Dodging        | |  1.7
Stealth        | |  2.9
Spellcasting   | |  2.2
Hexes          | |  3.1
Ice Magic      | |  0.1

Action                   || total
-------------------------++-------
Melee: Dagger            ||    48
       Kick              ||     1
 Cast: Corona            ||     5
       Ensorcelled Hiber ||     3
  Use: Potion            ||     2
 Stab: Sleeping          ||     5
Armor: Robe              ||     9
Dodge: Dodged            ||    33
